 Dungeon Crawl Stone Soup version 0.31.0-12-g77e489cdc1 (webtiles) character file.

Game seed: 12674373930524692797

11227 hawla the Fey Minotaur (level 11, -5/97 HPs)
             Began as a Minotaur Fighter on Feb 18, 2024.
             Was an Initiate of Yredelemnul.
             Slain by Grum
             ... wielding a +0 glaive of protection
              (22 damage)
             ... on level 10 of the Dungeon.
             The game lasted 00:23:19 (7858 turns).

hawla the Fey Minotaur (Minotaur Fighter)           Turns: 7858, Time: 00:23:20

Health: -5/97      AC: 15    Str: 24    XL:     11   Next: 46%
Magic:  19/19      EV: 10    Int:  5    God:    Yredelemnul [......]
Gold:   529        SH:  8    Dex: 19    Spells: 10/10 levels left

rFire   . . .        x - +7 long sword of Kouhepsu {distort, *Corrode Str+3 Dex+2}
rCold   + . .        c - +2 buckler
rNeg    . . .        u - +1 plate armour
rPois   .            (helmet restricted)
rElec   .            F - +1 cloak
rCorr   .            (no gloves)
SInv    +            t - +0 pair of boots "Vyxkizet" {rC+ Will+ Dex+3}
Will    +....        (no amulet) Stlth
                     H - ring of see invisible
HPRegen 0.36/turn    (no ring)
MPRegen 0.16/turn

%: corrode self (3%)
@: silenced (expiring), studying Axes
A: horns 2, retaliatory headbutt
a: Renounce Religion


You were on level 10 of the Dungeon.
You worshipped Yredelemnul.
Yredelemnul was pleased with you.
You visited 1 branch of the dungeon, and saw 10 of its levels.
You also visited: Sewer.

You collected 614 gold pieces.
You spent 85 gold pieces at shops.

Inventory:

Hand Weapons
 a - a +1 long sword of flaming
 x - the +7 long sword of Kouhepsu (weapon) {distort, *Corrode Str+3 Dex+2}
   (You found it on level 4 of the Dungeon)

   Str+3:     It affects your strength (+3).
   Dex+2:     It affects your dexterity (+2).
   *Corrode:  It may corrode you when you take damage.
Missiles
 l - 12 poisoned darts (quivered)
 w - 3 atropa-tipped darts
 B - 2 throwing nets
 E - 2 curare-tipped darts
Armour
 c - a +2 buckler (worn)
 p - a +0 pair of gloves
 q - a +0 hat
 t - the +0 pair of boots "Vyxkizet" (worn) {rC+ Will+ Dex+3}
   (You found it on level 4 of the Dungeon)

   Dex+3:     It affects your dexterity (+3).
   rC+:       It protects you from cold.
   Will+:     It increases your willpower.
 u - a +1 plate armour (worn)
 F - a +1 cloak (worn)
Jewellery
 D - an amulet of the acrobat
 H - a ring of see invisible (left hand)
Wands
 e - a wand of charming (18)
 n - a wand of flame (51)
 I - a wand of mindburst (1)
 J - a wand of polymorph (10)
 L - a wand of roots (3)
Scrolls
 f - 3 scrolls of fear
 g - 2 scrolls of poison
 h - a scroll of immolation
 j - 4 scrolls of fog
 k - 3 scrolls of blinking
 y - 2 scrolls of noise
 G - a scroll of vulnerability {unknown}
 K - a scroll of revelation
Potions
 b - 2 potions of cancellation {unknown}
 d - 5 potions of might
 i - 2 potions of curing
 m - a potion of mutation {unknown}
 o - 2 potions of lignification {unknown}
 r - a potion of haste {unknown}
 s - 2 potions of magic {unknown}
 v - a potion of ambrosia {unknown}
 z - a potion of enlightenment {unknown}
 M - a potion of brilliance {unknown}


   Skills:
 - Level 9.0 Fighting
 + Level 7.4 Long Blades
 - Level 6.0 Throwing
 - Level 3.6 Armour
 - Level 8.0 Dodging
 - Level 5.0 Shields
 - Level 12.0 Invocations
 - Level 3.0 Evocations


You had 10 spell levels left.
You didn't know any spells.
Your spell library was empty.

Dungeon Overview and Level Annotations

Branches:
Dungeon (10/15)            Temple (0/1) D:7            Lair (0/5) D:8
    Orc (0/2) D:9           Sewer (visited)

Altars:
Ashenzari
Elyvilon
Nemelex Xobeh
Ru
Sif Muna
Trog
Uskayaw
Vehumet
Yredelemnul
Zin
The Shining One

Shops:
D:9 [(

Annotations:
D:10 Grum


Innate Abilities, Weirdness & Mutations

You have a pair of horns on your head.
You reflexively headbutt those who attack you in melee.


Message History

A centaur is nearby!
A centaur is nearby!
You are too injured to fight recklessly!
You are too injured to fight recklessly!
You are too injured to fight recklessly!
The centaur unwields a +0 orcbow.
You block the centaur's attack. The centaur kicks you.
Things that are here:
a +0 dagger; a +0 robe A wolf comes into view.
The centaur hits you but does no damage.
The centaur kicks you but does no damage.
The centaur hits you but does no damage.
You block the centaur's attack.
You slice the centaur!!
You kill the centaur!
Grum the Hunter comes into view.
He is wielding a +0 glaive of protection and carrying a wand of flame.
The wolf bites you.
A wolf comes into view.
You closely miss the wolf. You block the wolf's attack. Grum barely misses you.
You slash the wolf!
Space warps horribly around the wolf!!
You kill the wolf!
Grum zaps a wand.
The puff of flame hits you!
* * * LOW HITPOINT WARNING * * *
The wolf bites you but does no damage. Grum closely misses you.
A wolf comes into view.
You block the wolf's attack. The wolf bites you!
* * * LOW HITPOINT WARNING * * *
Grum hits you with a +0 glaive of protection!
* * * LOW HITPOINT WARNING * * *
There is a stone staircase leading down, spattered with blood here.
Unknown command.
You feel better. You block the wolf's attack. x2
Grum hits you but does no damage.
You hit Grum.
Space warps around Grum.
Your headbutt misses Grum.
Grum is lightly wounded.
The wolf closely misses you.
Grum hits you with a +0 glaive of protection!!
You die...
Your body rises from the dead as a mindless zombie.

.. ....... . ..... #.
#...# .####...#
..##...# #.##...#
###.##...# .#
#.@.)..).# ..
#g#h###### #.#h#)#
#...).### #####
#..)....####.(.######
....#.......#.....#....
#.#.##....$....#..#.###
#.#. ####.#.#.###.....#
...#.##.#Z##.#.#


You could see Grum and 2 wolves.

Vanquished Creatures
  A manticore (D:8)
  An ugly thing (D:10)
  A cyclops (D:8)
  The ghost of Lhightning the Trooper, a novice MiBe of Trog (D:5)
  A gargoyle (D:8)
  3 trolls
  3 hornets
  2 shadows
  2 yaks (D:9)
  A wyvern (D:8)
  3 vampire mosquitoes (D:10)
  3 steam dragons (D:8)
  Menkaure (D:7)
  2 water moccasins (D:7)
  2 orc warriors
  3 sky beasts
  An ogre (D:5)
  An ice beast (D:8)
  A black bear (D:5)
  A wolf (D:10)
  A centaur (D:10)
  3 kobold brigands
  9 bullfrogs
  A water moccasin zombie (D:5)
  10 wights
  12 killer bees
  A howler monkey (D:8)
  A bullfrog zombie (D:5)
  A bombardier beetle (D:5)
  7 hounds
  A human zombie (D:5)
  2 jellies
  9 orc priests
  2 gnoll boudas
  A scorpion zombie (D:5)
  4 iguanas
  A sleepcap (D:7)
  5 orc wizards
  A killer bee zombie (D:5)
  A hound zombie (D:5)
  2 mummies (D:5)
  6 gnolls
  11 adders
  A white imp (D:7)
  2 ufetubi (D:7)
  An adder zombie (D:5)
  9 dart slugs
  5 ribbon worms
  30 orcs
  8 bats
  6 endoplasms
  16 giant cockroaches
  7 goblins
  9 hobgoblins
  3 jackals (D:5)
  8 kobolds
  6 quokkas
  5 ball pythons
  17 frilled lizards
  6 rats
265 creatures vanquished.

Vanquished Creatures (collateral kills)
  A kobold demonologist (D:10)
  A hornet (D:8)
  Prince Ribbit (D:7)
  A yak (D:9)
  A steam dragon (D:8)
  An orc warrior (D:8)
  A sky beast (D:8)
  7 wights
  A jelly (D:6)
  A sleepcap (D:8)
  2 orcs
18 creatures vanquished.

Vanquished Creatures (others)
  A hornet zombie (D:8)
  A troll zombie (D:10)
  An orc wizard (D:8)
  4 killer bee zombies (D:8)
  A sky beast zombie (D:6)
  2 steam dragon zombies (D:8)
  A gnoll zombie (D:8)
  2 jelly zombies
  An orc (D:8)
  5 orc zombies
19 creatures vanquished.

Grand Total: 302 creatures vanquished

Notes
Turn   | Place    | Note
-------+----------+-------------------------------------------
     0 | D:1      | hawla the Minotaur Fighter began the quest for the Orb.
     0 | D:1      | Reached XP level 1. HP: 19/19 MP: 0/0
   131 | D:1      | Reached XP level 2. HP: 26/26 MP: 1/1
   177 | D:1      | Reached skill level 5 in Shields
   236 | D:1      | Reached XP level 3. HP: 31/31 MP: 2/2
   247 | D:1      | Reached skill level 1 in Dodging
   683 | D:2      | Reached XP level 4. HP: 38/39 MP: 3/3
   768 | D:2      | Found a glowing golden altar of the Shining One.
   777 | D:2      | You fall into a shaft and drop 1 floor!
  1229 | D:3      | Reached XP level 5. HP: 41/45 MP: 4/4
  1293 | D:3      | Found a shimmering blue altar of Sif Muna.
  1296 | D:3      | Found a white marble altar of Elyvilon.
  1714 | D:3      | Noticed an angel
  1717 | D:3      | Found a glowing silver altar of Zin.
  1987 | D:4      | Reached skill level 5 in Dodging
  1996 | D:4      | Identified the +0 pair of boots "Vyxkizet" {rC+ Will+
                  | Dex+3}
  2133 | D:4      | Found a hide-covered altar of Uskayaw.
  2137 | D:4      | Identified the +7 long sword of Kouhepsu {distort, *Corrode
                  | Str+3 Dex+2}
  2438 | D:5      | Entered Level 5 of the Dungeon
  2441 | D:5      | Reached XP level 6. HP: 51/51 MP: 5/5
  2542 | D:5      | Reached XP level 7. HP: 57/57 MP: 6/6
  2547 | D:5      | Found a glowing drain.
  2628 | Sewer    | Entered a sewer
  2801 | Sewer    | Reached skill level 1 in Evocations
  3432 | D:5      | Reached skill level 1 in Throwing
  3613 | D:5      | Found a runed translucent door.
  3619 | D:5      | Noticed Lhightning's ghost (novice MiBe)
  3690 | D:5      | Found a basalt altar of Yredelemnul.
  3711 | D:5      | Became a worshipper of Yredelemnul the Dark
  3749 | D:5      | Reached XP level 8. HP: 64/64 MP: 7/7
  3889 | D:5      | Killed Lhightning's ghost
  3978 | D:6      | Reached * piety under Yredelemnul
  3978 | D:6      | Reached skill level 5 in Fighting
  4387 | D:6      | Found a broken altar of Ashenzari.
  4457 | D:6      | Reached ** piety under Yredelemnul
  4647 | D:7      | Reached XP level 9. HP: 77/79 MP: 8/8
  4702 | D:7      | Noticed Prince Ribbit
  4713 | D:7      | Killed Prince Ribbit
  4790 | D:7      | Noticed Menkaure
  4795 | D:7      | Killed Menkaure
  4796 | D:7      | Reached skill level 1 in Invocations
  4905 | D:7      | Reached skill level 2 in Invocations
  5036 | D:7      | Reached skill level 3 in Invocations
  5101 | D:7      | Found a staircase to the Ecumenical Temple.
  5326 | D:7      | Reached *** piety under Yredelemnul
  5326 | D:7      | Reached skill level 4 in Invocations
  5342 | D:7      | Found a sacrificial altar of Ru.
  5606 | D:8      | Reached skill level 5 in Invocations
  5614 | D:8      | Reached skill level 6 in Invocations
  5727 | D:8      | Reached skill level 7 in Invocations
  5727 | D:8      | Reached XP level 10. HP: 72/91 MP: 14/14
  5779 | D:8      | Noticed a cyclops
  5784 | D:8      | Banished a cyclops
  5785 | D:8      | Reached skill level 8 in Invocations
  5794 | D:8      | Paralysed by a hornet for 1 turns
  5807 | D:8      | Reached skill level 9 in Invocations
  5890 | D:8      | Noticed a manticore
  5906 | D:8      | Killed a manticore
  5997 | D:8      | Noticed a gargoyle
  6002 | D:8      | Killed a gargoyle
  6003 | D:8      | Reached skill level 10 in Invocations
  6277 | D:8      | Noticed a cyclops
  6280 | D:8      | Killed a cyclops
  6427 | D:8      | Found a staircase to the Lair.
  6484 | D:8      | Found a radiant altar of Vehumet.
  6578 | D:8      | Reached skill level 11 in Invocations
  6895 | D:8      | Found a sparkling altar of Nemelex Xobeh.
  6902 | D:8      | Reached **** piety under Yredelemnul
  7051 | D:9      | Reached XP level 11. HP: 86/97 MP: 18/18
  7083 | D:9      | Found Qeaceng's Weapon Emporium.
  7083 | D:9      | Found a staircase to the Orcish Mines.
  7083 | D:9      | Found Leufeas's Armour Emporium.
  7127 | D:9      | Bought a +0 pair of gloves for 45 gold pieces
  7127 | D:9      | Bought a +0 hat for 40 gold pieces
  7351 | D:9      | Identified the +0 quarterstaff "Impslayer" {flame, rF+
                  | Dex+2}
  7503 | D:9      | Reached skill level 12 in Invocations
  7705 | D:10     | Entered Level 10 of the Dungeon
  7705 | D:10     | Noticed a brown ugly thing
  7705 | D:10     | Found a bloodstained altar of Trog.
  7726 | D:10     | Killed a brown ugly thing
  7727 | D:10     | Reached skill level 5 in Long Blades
  7853 | D:10     | Noticed Grum
  7858 | D:10     | Slain by Grum

Illustrated notes

Levels and vault maps discovered:
D:1:      dpeg_arrival_renting, layout_rooms
D:2:      layout_rooms, basic_altar, hangedman_decor_lopped
D:3:      layout_loops_cross, zin_angel, nicolae_overflow_hidden_temple
D:4:      layout_gridville, mainiacjoe_overflow_alcove_4
D:5:      layout_rooms, lemuel_mausoleum_altar_yredelemnul,
          gup_sewer_entry_glass, ebering_ghost_sewer_d, kennysheep_dice
D:6:      layout_gridville, kennysheep_little_box
D:7:      layout_loops_corners, mainiacjoe_overflow_surrounded_room,
          minmay_temple_entry_glassed_door, minmay_misc_feat_x,
          uniq_prince_ribbit1, uniq_menkaure
D:8:      nzn_winding_woodlands_medium [nzn_winding_woodlands_5x5_default,
          nzn_winding_woodlands_5x15_twine, nzn_winding_woodlands_5x5_perimeter,
          nzn_winding_woodlands_5x5_closed_star,
          nzn_winding_woodlands_center_lodge, nzn_winding_woodlands_5x5_three,
          nzn_winding_woodlands_5x5_cross, nzn_winding_woodlands_5x15_jagged,
          nzn_winding_woodlands_5x5_checkerboard], layout_gridville,
          vehumet_crystals, nemelex_xobeh_ov_fountains_minmay, lair_entry_dummy,
          kennysheep_generic_room_16
D:9:      layout_basic, orc_david_3
D:10:     layout_loops_cross, lemuel_tele_altar, hangedman_feature_mirror,
          uniq_maurice, uniq_harold, uniq_josephine, uniq_grum, uniq_urug

Skill      XL: |  1  2  3  4  5  6  7  8  9 10 11 |
---------------+----------------------------------+-----
Shields        | 4 5 |  5.0
Dodging        | 2 4 5 7 8 |  8.0
Evocations     | 3 |  3.0
Throwing       | 3 6 |  6.0
Fighting       | 7 9 |  9.0
Invocations    | 7 11 12 | 12.0
Long Blades    | 7 |  7.4
Armour         | |  3.6

Action                     |  1- 3 |  4- 6 |  7- 9 | 10-12 || total
---------------------------+-------+-------+-------+-------++-------
  Melee: Long sword        |    95 |   143 |   211 |   152 ||   601
         Headbutt          |    10 |    26 |    38 |    32 ||   106
  Throw: Dart              |       |       |       |     7 ||     7
  Evoke: Wand              |       |       |       |    10 ||    10
    Use: Scroll            |     1 |     7 |     3 |     9 ||    20
         Potion            |       |       |     2 |     3 ||     5
   Stab: Distracted        |       |       |     1 |       ||     1
 Armour: Chain mail        |    77 |   110 |    86 |       ||   273
         Plate armour      |       |       |    76 |   168 ||   244
  Dodge: Dodged            |    54 |    66 |   125 |    98 ||   343
  Block: Buckler           |    17 |    50 |    66 |    75 ||   208
